 Dungeon Crawl Stone Soup version 0.21.1-1-g345015fe64 (webtiles) character file.

946 Ivernyr the Covered (level 7, 0/55 HPs)
             Began as a Demonspawn Skald on Apr 27, 2018.
             Was a Believer of Nemelex Xobeh.
             Killed by nerve-wracking pain
             ... invoked by an orc priest
              (3 damage)
             ... on level 6 of the Dungeon.
             The game lasted 00:30:53 (8681 turns).

Ivernyr the Covered (Demonspawn Skald)              Turns: 8681, Time: 00:30:53

Health: 0/55       AC:  3    Str: 12    XL:     7   Next: 89%
Magic:  8/10       EV: 11    Int: 14    God:    Nemelex Xobeh [**....]
Gold:   285        SH:  5    Dex: 10    Spells: 5/10 levels left

rFire    . . .     SeeInvis .   a - +0 long sword
rCold    + . .     Gourm    .   (no shield)
rNeg     + + .     Faith    .   b - +0 leather armour
rPois    .         Spirit   .   (helmet restricted)
rElec    +         Reflect  +   (no cloak)
rCorr    +         Harm     .   (no gloves)
MR       .....                  (no boots)
Stlth    +.........             B - amulet "Lytedatupn" {Reflect +Blink rElec rN++ Dex-4 SH+5}
HPRegen  0.18/turn              v - ring of flight
MPRegen  0.12/turn              A - ring of resist corrosion

@: singing
A: antennae 1, cold resistance 1, demonic guardian 1
a: Renounce Religion, Evoke Blink, Evoke Flight


You were on level 6 of the Dungeon.
You worshipped Nemelex Xobeh.
Nemelex Xobeh was pleased with you.
You were hungry.

You visited 1 branch of the dungeon, and saw 6 of its levels.

You collected 285 gold pieces.

Inventory:

Hand Weapons
 a - a +0 long sword (weapon)
Armour
 b - a +0 leather armour (worn)
 I - a cursed +0 buckler
Jewellery
 v - a ring of flight (left hand)
 A - a ring of resist corrosion (right hand)
 B - the amulet "Lytedatupn" (around neck) {Reflect +Blink rElec rN++ Dex-4 SH+5}
   (You found it on level 4 of the Dungeon)

   [amulet of reflection]

   It shields you and reflects attacks.
   It affects your dexterity (-4).
   It insulates you from electricity.
   It greatly protects you from negative energy.
   It lets you blink.
   It affects your SH (+5).
 H - a cursed -4 ring of strength {unknown}
Wands
 w - a wand of acid (13)
Scrolls
 e - 5 scrolls of remove curse {unknown}
 f - 4 scrolls of identify {unknown}
 h - 2 scrolls of random uselessness {unknown}
 j - 3 scrolls of enchant armour {unknown}
 p - 5 scrolls of teleportation {unknown}
 s - 2 scrolls of fog {unknown}
 t - a scroll of magic mapping {unknown}
 z - a scroll of fear {unknown}
 C - a scroll of immolation {unknown}
 F - a scroll of blinking {unknown}
Potions
 g - 5 potions of degeneration {unknown}
 i - a potion of might {unknown}
 k - a potion of curing
 l - 4 potions of mutation {unknown}
 m - a potion of resistance {unknown}
 n - a potion of berserk rage {unknown}
 o - a potion of flight {unknown}
 q - a potion of heal wounds {unknown}
 r - 3 potions of magic {unknown}
 u - 4 potions of ambrosia {unknown}
 x - 2 potions of lignification {unknown}
 E - a potion of haste {unknown}
Books
 c - a book of Battle

   Spells                             Type                      Level
   a - Infusion                       Charms                       1
   b - Shroud of Golubria             Charms/Translocation         2
   c - Song of Slaying                Charms                       2
   d - Spectral Weapon                Hexes/Charms                 3
   e - Regeneration                   Charms/Necromancy            3
Miscellaneous
 y - a plain deck of summoning {drawn: 6}
 D - an ornate deck of summoning
 G - a plain deck of destruction {drawn: 2}
Comestibles
 d - 5 rations


   Skills:
 + Level 4.4 Fighting
 - Level 2.1 Long Blades
 * Level 5.2 Armour
 - Level 1.7 Dodging
 - Level 2.0 Spellcasting
 + Level 4.5 Charms
 + Level 4.6 Invocations


You had 5 spell levels left.
You knew the following spells:

 Your Spells              Type           Power        Failure   Level  Hunger
a - Shroud of Golubria    Chrm/Tloc      #.........   19%         2    ###....
b - Song of Slaying       Chrm           ##......     7%          2    ###....
c - Infusion              Chrm           ##..         4%          1    ##.....


Dungeon Overview and Level Annotations

Branches:
Dungeon (6/15)             Temple (0/1) D:6

Altars:
Elyvilon
Gozag
Kikubaaqudgha
Nemelex Xobeh
Ru
Xom

Shops:
D:4 (:%:[   D:6 ?

Annotations:
D:6 1 exclusion


Innate Abilities, Weirdness & Mutations

You have a pair of small antennae on your head.
Your flesh is cold resistant. (rC+)
A weak demonic guardian rushes to your aid.


Message History

The orc hits you with an enchanted whip.
* * * LOW HITPOINT WARNING * * *
Your iron imp closely misses the orc.
Your shadow imp hits the orc but does no damage.
Unknown command.
The orc priest invokes the aid of Beogh against you.
Beogh smites you!
* * * LOW HITPOINT WARNING * * *
You draw a card...
It is Foxfire.
The orc hits you with an enchanted whip.
* * * LOW HITPOINT WARNING * * *
The orc hits your iron imp with a trident!
Your iron imp dies!
Your killer bee stings the orc!
The orc dies!
Your shadow imp hits the orc but does no damage.
The orc priest calls down the wrath of Beogh upon you.
Pain shoots through your body!
You die...
Your body disappears without a glow.

##.#...#....#÷#{;%P...'#^###.#...
#.###...#..#.#;.≈≈....#.#.#.....
##.#####....#.#≈≈..P...#≈#.......
##..#######.#.##≈%.≈..##≈#.##....
###...#####.##≈########.##.###...
.............##≈≈≈≈....##..# ##..
#####.#####).###########...# ###
# #.##......yy......##...# #
#.........)#@.....##...#
########.....yo#......######
.....###.......#o.......#
####............5o..)#....
#####.......#####.......
#.......# ##..... ######### ....
.?. ..


You could see an orc priest, an orc, 2 friendly killer bees and a friendly
shadow imp.

Vanquished Creatures
  A water moccasin (D:6)
  A phantom (D:6)
  A centaur (D:6)
  A bullfrog (D:6)
  A scorpion (D:5)
  A howler monkey (D:5)
  A hound (D:5)
  A bullfrog skeleton (D:4)
  An orc wizard (D:5)
  An iguana (D:6)
  A hound zombie (D:6)
  A hound skeleton (D:6)
  A worker ant zombie (D:6)
  2 howler monkey zombies
  2 adders
  An ooze (D:2)
  An adder skeleton (D:3)
  3 worms
  2 dart slugs (D:2)
  6 leopard geckos
  6 orcs
  4 ball pythons
  3 giant cockroaches
  5 goblins
  4 hobgoblins
  8 jackals
  2 quokkas
  5 bats
  5 frilled lizards
  A jackal skeleton (D:5)
  2 kobolds (D:1)
  A leopard gecko skeleton (D:4)
  2 quokka skeletons (D:5)
  7 rats
85 creatures vanquished.

Vanquished Creatures (collateral kills)
  The ghost of ElTigreChino the Cudgeler, a novice TrBe of Trog (D:4)
  A bullfrog (D:6)
  A crimson imp (D:5)
  A jelly (D:6)
  An iguana (D:6)
  A worker ant (D:6)
  An adder (D:3)
  An orc (D:6)
  A ball python skeleton (D:4)
9 creatures vanquished.

Vanquished Creatures (others)
  A plant (D:6)
1 creature vanquished.

Grand Total: 95 creatures vanquished

Notes
Turn   | Place    | Note
-------+----------+-------------------------------------------
     0 | D:1      | Ivernyr the Demonspawn Skald began the quest for the Orb.
     0 | D:1      | Reached XP level 1. HP: 16/16 MP: 3/3
    36 | D:1      | Reached skill level 1 in Armour
   589 | D:1      | Gained mutation: Your flesh is cold resistant. (rC+) [demonic ancestry]
   589 | D:1      | Reached XP level 2. HP: 10/22 MP: 5/5
  1046 | D:1      | Learned a level 2 spell: Song of Slaying
  1049 | D:1      | Learned a level 2 spell: Shroud of Golubria
  1433 | D:2      | Found a white marble altar of Elyvilon.
  1749 | D:2      | Gained mutation: You have a pair of small antennae on your head. [demonic ancestry]
  1749 | D:2      | Reached XP level 3. HP: 21/28 MP: 6/6
  1761 | D:2      | Found an ancient bone altar of Kikubaaqudgha.
  1761 | D:2      | Found an opulent altar of Gozag.
  1946 | D:2      | Found a shimmering altar of Xom.
  2253 | D:3      | Found a sparkling altar of Nemelex Xobeh.
  2255 | D:3      | Reached skill level 2 in Armour
  2260 | D:3      | Became a worshipper of Nemelex Xobeh the Trickster
  2902 | D:3      | Received a gift from Nemelex Xobeh
  3351 | D:3      | Noticed a killer bee
  3648 | D:3      | Reached XP level 4. HP: 32/34 MP: 7/7
  3781 | D:3      | Reached skill level 1 in Invocations
  3990 | D:4      | Reached * piety under Nemelex Xobeh
  4075 | D:4      | Got a sheer robe
  4258 | D:4      | Found Leinusk's Book Shop.
  4269 | D:4      | Found Yhupont's Food Emporium.
  4316 | D:4      | Found Kofihin's Book Boutique.
  4576 | D:4      | Got a twitching iron amulet
  4687 | D:4      | Noticed ElTigreChino's ghost (novice TrBe)
  4692 | D:4      | Noticed a wyvern
  4696 | D:4      | Killed ElTigreChino's ghost
  4696 | D:4      | Reached skill level 3 in Armour
  4696 | D:4      | Gained mutation: A weak demonic guardian rushes to your aid. [demonic ancestry]
  4696 | D:4      | Reached XP level 5. HP: 10/41 MP: 8/8
  4696 | D:4      | Reached XP level 6. HP: 12/47 MP: 9/9
  5038 | D:4      | Found Foigul's Weapon Boutique.
  5062 | D:4      | Identified the +1 robe "Zuletor" {Int+4} (You found it on level 4 of the Dungeon)
  5066 | D:4      | Identified the amulet "Lytedatupn" {Reflect +Blink rElec rN++ Dex-4 SH+5} (You found it on level 4 of the Dungeon)
  5100 | D:4      | Found Sacetta's Antique Armour Boutique.
  5242 | D:4      | Found a sacrificial altar of Ru.
  5319 | D:5      | Entered Level 5 of the Dungeon
  5633 | D:5      | Received a gift from Nemelex Xobeh
  6088 | D:5      | Reached ** piety under Nemelex Xobeh
  6185 | D:5      | Reached skill level 4 in Armour
  6641 | D:6      | Reached XP level 7. HP: 16/53 MP: 6/10
  7545 | D:6      | Found a staircase to the Ecumenical Temple.
  7560 | D:6      | Found Yvieguer's Magic Scroll Boutique.
  7577 | D:6      | Received a gift from Nemelex Xobeh
  7824 | D:6      | Reached skill level 5 in Armour
  8679 | D:6      | HP: 2/55 [orc/enchanted whip (2)]
  8681 | D:6      | Killed from afar by an orc priest

Skill      XL: |  1  2  3  4  5  6  7 |
---------------+----------------------+-----
Armour         | 1 2 3 4 5 |  5.2
Long Blades    | 2 |  2.1
Charms         | 3 4 |  4.5
Invocations    | 2 3 4 |  4.6
Fighting       | 3 4 |  4.4
Dodging        | |  1.7
Spellcasting   | |  2.0

Action                   |  1- 3 |  4- 6 |  7- 9 || total
-------------------------+-------+-------+-------++-------
Melee: Falchion          |   183 |       |       ||   183
       Long sword        |       |   138 |   135 ||   273
 Cast: Shroud of Golubri |     6 |    13 |    12 ||    31
       Song of Slaying   |     2 |     2 |     3 ||     7
Evoke: Deck              |     1 |     1 |     6 ||     8
  Use: Potion            |     1 |       |     1 ||     2
 Stab: Distracted        |       |     1 |     1 ||     2
  Eat: Chunk             |     7 |     2 |     5 ||    14
       Ration            |     1 |     2 |     1 ||     4
Armor: Leather armour    |    45 |    19 |    24 ||    88
Dodge: Dodged            |   138 |    82 |    87 ||   307
Block: Other             |       |    25 |    45 ||    70
       Reflection        |       |       |     1 ||     1
       Rpst.: Falchion   |    39 |       |       ||    39
       Long sword        |       |    31 |    27 ||    58
